 Dungeon Crawl Stone Soup version 0.30-a0-860-g512cf1e979 (webtiles) character file.

Game seed: 9645276967753706632

44 M4edhros the Sneak (level 3, 0/26 HPs)
             Began as an Octopode Monk on Mar 7, 2023.
             Slain by a goblin
             ... wielding a +0 club
              (3 damage)
             ... on level 4 of the Dungeon.
             The game lasted 00:01:32 (333 turns).

M4edhros the Sneak (Octopode Monk)                   Turns: 333, Time: 00:01:32

Health: 0/26       AC:  1    Str: 10    XL:     3   Next: 60%
Magic:  2/2        EV: 14    Int: 12    God:
Gold:   0          SH:  0    Dex: 16    Spells: 2/2 levels left

rFire   . . .      SeeInvis .      - Unarmed
rCold   + . .      Faith    .    (no shield)
rNeg    . . .      Spirit   .    (helmet restricted)
rPois   .          Reflect  .    (no amulet)
rElec   .          Rampage  .    (no ring)
rCorr   .                        (no ring)
Will    +....                    (no ring)
Stlth   ++++                     (no ring)
HPRegen 0.24/turn                (no ring)
MPRegen 0.08/turn                (no ring)
                                 (no ring)
                                 (no ring)

@: no status effects
A: almost no armour, amphibious, 8 rings, camouflage 1, gelatinous body 1,
(nimble swimmer 1), tentacles, cold resistance 1, low MP 1, strong-willed 1
a: no special abilities


You were on level 4 of the Dungeon.
You visited 2 branches of the dungeon, and saw 5 of its levels.

Inventory:

Scrolls
 b - a scroll of identify {unknown}


   Skills:
 + Level 3.4 Fighting
 + Level 3.4 Dodging
 + Level 3.5 Stealth
 + Level 3.4 Unarmed Combat


You had 2 spell levels left.
You didn't know any spells.
Your spell library contained the following spells:

 Spells                   Type           Power      Damage    Failure   Level
 Summon Guardian Golem    Hex/Summ       0%         N/A       69%         3
 Orb of Destruction       Conj           0%         9d5       100%        7
 Spellforged Servitor     Conj/Summ      0%         N/A       100%        7


Dungeon Overview and Level Annotations

Branches:
Dungeon (4/15)             Temple (1/1) D:4

Altars:
Ashenzari
Dithmenos
Elyvilon
Fedhas
Makhleb
Nemelex Xobeh
Okawaru
Qazlal
Sif Muna
Trog
Uskayaw
Vehumet
Yredelemnul
Zin

Shops:
D:2 [

Annotations:
D:3 1 runed translucent door, scienide's ghost, amateur HOBe


Innate Abilities, Weirdness & Mutations

You cannot wear most types of armour.
You are amphibious.
You can wear up to eight rings at the same time.
Your skin changes colour to match your surroundings (Stealth+).
Your rubbery body absorbs attacks. (AC +1, EV +1)
((You are camouflaged when in or above water. (Stealth+)))
You have tentacles for arms and can constrict up to eight enemies at once.
Your flesh is cold resistant. (rC+)
Your magical capacity is low. (-10% MP)
You are strong-willed. (Will+)


Message History

Unknown command.
You tentacle-slap Ijyb. You grab Ijyb.
Ijyb is heavily wounded.
You constrict Ijyb.
An iguana comes into view.
Ijyb closely misses you.
The goblin shoots a sling bullet.
The sling bullet misses you.
Unknown command.
You tentacle-slap Ijyb. You squeeze Ijyb.
Ijyb is almost dead.
You constrict Ijyb. Ijyb hits you with a +0 club.
* * * LOW HITPOINT WARNING * * *
Unknown command.
You tentacle-slap Ijyb but do no damage.
Ijyb is almost dead.
You constrict Ijyb. The goblin misses you. Ijyb closely misses you.
Unknown command.
You tentacle-slap Ijyb.
Ijyb is almost dead.
You constrict Ijyb, but do no damage. The goblin completely misses you.
Ijyb closely misses you.
A worm comes into view.
Unknown command.
You tentacle-slap Ijyb but do no damage.
You squeeze Ijyb.
You kill Ijyb!
The goblin hits you with a +0 club.
* * * LOW HITPOINT WARNING * * *
You have reached level 3!
Your experience leads to an increase in your attributes!
Increase (S)trength, (I)ntelligence, or (D)exterity?
You feel agile. x2
You completely miss the endoplasm.
The goblin unwields a +0 sling.
The goblin wields a +0 club.
The goblin closely misses you. x2
The endoplasm barely misses you.
Unknown command.
You tentacle-slap the endoplasm.
The endoplasm is moderately wounded.
The goblin barely misses you. The goblin hits you with a +0 club.
You die...

#........... ..
##.........(. ... ## ..##
......!.... ....##..
...###..g.g.... ....#...
.....#....J..#
.......##...#.......w##
............##........#
............##.g##....#
##..............@gK#......
.##........###...J.# .....
8.#.......#.##....## ##.#
..........# #...### #
.8........# #.⌠.# #
..........###...###...
.8..................#
...........⌠..>..⌠..#
8...................#


You could see a kobold brigand, a worm, an endoplasm and 2 goblins.

Vanquished Creatures
  Ijyb (D:4)
  An adder (D:2)
  A ball python (D:2)
  3 bats
  An endoplasm (D:1)
  2 hobgoblins
  2 goblins
11 creatures vanquished.

Vanquished Creatures (others)
  A plant (D:4)
1 creature vanquished.

Grand Total: 12 creatures vanquished

Notes
Turn   | Place    | Note
-------+----------+-------------------------------------------
     0 | D:1      | M4edhros the Octopode Monk began the quest for the Orb.
     0 | D:1      | Reached XP level 1. HP: 16/16 MP: 1/1
   126 | D:2      | Reached XP level 2. HP: 21/21 MP: 2/2
   131 | D:2      | Found Goam's Armour Emporium.
   193 | D:3      | Found a runed translucent door.
   193 | D:3      | Noticed scienide's ghost (amateur HOBe)
   241 | D:4      | Found a glowing silver altar of Zin.
   254 | D:4      | Found a staircase to the Ecumenical Temple.
   261 | Temple   | Entered the Ecumenical Temple
   312 | D:4      | Noticed Ijyb
   315 | D:4      | Gained mutation: You are strong-willed. (Will+) [potion of
                  | mutation]
   315 | D:4      | Gained mutation: Your magical capacity is low. (-10% MP)
                  | [potion of mutation]
   315 | D:4      | Gained mutation: Your flesh is cold resistant. (rC+)
                  | [potion of mutation]
   321 | D:4      | Noticed a kobold brigand
   331 | D:4      | Killed Ijyb
   332 | D:4      | Reached XP level 3. HP: 3/26 MP: 2/2
   333 | D:4      | Slain by a goblin

Illustrated notes

Levels and vault maps discovered:
D:1:      giann_forest_graveyard, layout_basic
D:2:      layout_rooms, serial_shops, shop, minmay_misc_feat_roman
D:3:      wad_woods_stonehenge, layout_loops_corners,
          hellmonk_ghost_happy_afterlife, nrook_mini_backslash
D:4:      corexii_shack_village, layout_cave_pools, zin_statuary,
          minmay_temple_entry_junction, uniq_ijyb
Temple:   nicolae_temple_ecumenical_triangle

Skill      XL: |  1 |
---------------+----+-----
Stealth        | 3 |  3.5
Fighting       | |  3.4
Dodging        | |  3.4
Unarmed Combat | |  3.4

Action                     || total
---------------------------++-------
  Melee: Unarmed           ||    34
         Tentacles         ||     7
         Constrict         ||     5
    Use: Potion            ||     2
   Stab: Sleeping          ||     2
 Armour: Skin              ||     3
  Dodge: Dodged            ||    38

Table legend: (Time is in decaauts)
 A = Elapsed time spent in this place.
 B = Non-inter-level travel time spent in this place.
 C = Inter-level travel time spent in this place.
 D = Time resting spent in this place.
 E = Time spent auto-exploring this place.
 F = Levels seen in this place.
 G = Mean time per level.
                   A        B        C        D        E       F      G
               +--------+--------+--------+--------+--------+-----+--------+
         Total |    330 |    308 |     22 |      0 |      0 |   5 |   66.0 |
       Dungeon |    293 |    280 |     13 |      0 |      0 |   4 |   73.2 |
        Temple |     36 |     27 |      9 |      0 |      0 |   1 |   36.0 |
               +--------+--------+--------+--------+--------+-----+--------+

Top non-repeatable levels by time:
     D:1: 116 daAuts
     D:4: 66 daAuts
     D:2: 56 daAuts
     D:3: 53 daAuts
  Temple: 36 daAuts
